Cogmind - Beta 16 @@@ ROGUE MODE // 2025.11.03 @ 05:03:13 Player: Kotyk77 Result: Destroyed by X-77 Beamer with Gatling Laser Performance ------------- Evolutions (7) 3500 Regions Visited (14) 2800 Robots Destroyed (143) 715 Value Destroyed (4358) 4358 Prototype IDs (34) 680 Alien Tech Used (0) 0 Bonus (370) 370 TOTAL SCORE: 12423 Bonus ------- Follower Combat Kills 70 Aligned with FarCom 300 Cogmind --------- Core Integrity 0/1300 Matter 300/300 Energy 69/100 System Corruption 21% Temperature Cool (18) Movement Core (50) Location -3/Research Parts ------- > --- POWER (2) -------- (None) > --- PROPULSION (4) --- (None) > --- UTILITY (12) ----- Trap Scanner Hacking Suite > --- WEAPON (3) ------- (None) > --- INVENTORY (5) ---- Micro Antimatter Reactor Advanced Shield Generator Tesla Rifle Gamma Rifle Peak State ------------ > --- POWER ------------ Light Antimatter Reactor Micro Antimatter Reactor > --- PROPULSION ------- Wheel Armored Huge Wheel High-density Centrium Wheel > --- UTILITY ---------- High-capacity Storage Unit Enhanced Optical Array Advanced Targeting Computer Advanced Transmission Jammer Layered Light Armor Plating Improved Powered Armor EM Shield Hacking Suite Advanced Hacking Suite Improved System Shield Advanced Drone Bay > --- WEAPON ----------- Tesla Rifle Nova Cannon Lance > --- INVENTORY -------- Enhanced Nuclear Core Micro Antimatter Reactor Compact Wheel Improved Heat Sink Trap Scanner Advanced Terrain Scanner Advanced Melee Analysis Suite Advanced Target Analyzer Improved Weapon Shielding Improved Light Armor Plating Layered Light Armor Plating Layered Medium Armor Plating Advanced Thermal Shield Advanced Shield Generator Hacking Suite Gamma Rifle Hypervelocity Gauss Rifle Linear Accelerator Heavy Shock Bomb Launcher Power Maul [Rating: 119] Favorites ----------- Power Enhanced Nuclear Core Engine Ion Engine Power Core Enhanced Nuclear Core Reactor Light Antimatter Reactor Propulsion Wheel Treads Armored Medium Treads Wheel Wheel Hover Unit Improved Gravmag System Utility Hacking Suite Device Trap Scanner Storage High-capacity Storage Unit Processor Advanced Targeting Computer Hackware Hacking Suite Protection Layered Light Armor Plating Weapon High-powered Shock Rifle Energy Gun High-powered Shock Rifle Energy Cannon Plasma Cannon Ballistic Gun Light Assault Rifle Ballistic Cannon Improved Light Cannon Launcher Heavy Missile Launcher Special Weapon Mining Laser Impact Weapon Power Maul Slashing Weapon Chainsword Piercing Weapon Lance Build | -11 -10 -10 -9 -9 -9 -8 -8 -7 -6 -5 -5 -5 -4 -3 ------- Run | Yrd Mat Min Mat Min Exi Min Mat Fac Fac Fac Upp Upp Fac Res Slots Evolved 14 | . . . 2 . . . 2 2 2 2 . . 2 2 Power 1 | . . . . . . . . . . . . . 1 . Propulsion 2 | . . . . . . . . 1 . 1 . . . . Utility 10 | . . . 1 . . . 2 1 2 1 . . 1 2 Weapon 1 | . . . 1 . . . . . . . . . . . Parts Attached 148 | 6 14 . 18 2 . 2 20 14 16 26 3 . 10 17 Power 15 | 1 2 . 3 . . . 2 . . 2 . . 3 2 Engine 5 | 1 1 . 2 . . . . . . . . . 1 . Core 7 | . 1 . 1 . . . 2 . . 2 . . 1 . Reactor 3 | . . . . . . . . . . . . . 1 2 Propulsion 31 | 2 4 . 3 . . 1 1 5 1 5 1 . 2 6 Treads 1 | . . . . . . . . . . . 1 . . . Leg . | . . . . . . . . . . . . . . . Wheel 28 | 2 4 . 3 . . 1 1 5 1 4 . . 2 5 Hover 2 | . . . . . . . . . . 1 . . . 1 Flight . | . . . . . . . . . . . . . . . Utility 57 | 1 4 . 5 1 . . 9 3 13 9 1 . 3 8 Device 23 | . 2 . 1 1 . . 2 1 5 4 1 . 2 4 Storage 5 | 1 1 . 1 . . . . 1 1 . . . . . Processor 7 | . . . . . . . 4 . 1 1 . . . 1 Hackware 5 | . . . . . . . 1 . 2 2 . . . . Protection 17 | . 1 . 3 . . . 2 1 4 2 . . 1 3 Artifact . | . . . . . . . . . . . . . . . Weapon 45 | 2 4 . 7 1 . 1 8 6 2 10 1 . 2 1 Energy Gun 15 | 2 . . . . . . 5 2 . 5 . . 1 . Energy Cannon 4 | . 1 . . . . . . 1 . 1 . . . 1 Ballistic Gun 4 | . 2 . 1 . . . . . . 1 . . . . Ballistic Cannon 8 | . . . 5 1 . . . 2 . . . . . . Launcher 7 | . . . 1 . . . 1 . 2 1 1 . 1 . Special Weapon 2 | . 1 . . . . 1 . . . . . . . . Impact Weapon 1 | . . . . . . . . . . 1 . . . . Slashing Weapon 3 | . . . . . . . 2 1 . . . . . . Piercing Weapon 1 | . . . . . . . . . . 1 . . . . Special Melee Weapon . | . . . . . . . . . . . . . . . Unidentified Prototypes 5 | . . . . . . . 2 . 1 . . . . 2 Parts Lost 46 | . 5 . 2 . . . 1 1 . 6 2 . 2 27 Power 5 | . 2 . 1 . . . . . . . . . . 2 Propulsion 13 | . 1 . . . . . . 1 . 2 1 . 1 7 Utility 18 | . 1 . 1 . . . . . . 1 1 . . 14 Weapon 10 | . 1 . . . . . 1 . . 3 . . 1 4 Highest Loss Streak 16 | . 5 . 1 . . . 1 1 . 4 1 . 2 16 To Critical Strikes . | . . . . . . . . . . . . . . . Average Backups 17 | 4 10 15 14 14 15 15 14 19 19 19 18 18 19 18 Power 1 | 1 1 2 1 1 1 1 1 1 1 1 2 2 2 1 Propulsion 1 | 2 3 5 3 2 2 2 1 . . . . . . 1 Utility 9 | . 3 7 6 6 7 7 8 10 11 11 12 12 12 10 Weapon 4 | . 1 1 3 3 3 3 2 6 6 6 4 4 4 5 Tool/Special . | . . . . . . . . . . . . . . . Unused Backups 57 | 2 3 . 6 . . 2 8 5 6 7 . . 1 17 Power 7 | . 1 . . . . . 1 1 1 1 . . . 2 Propulsion 12 | 2 1 . 4 . . 2 . . . . . . . 3 Utility 21 | . 1 . 1 . . . 4 2 3 3 . . 1 6 Weapon 16 | . . . 1 . . . 3 1 2 3 . . . 6 Tool/Special 1 | . . . . . . . . 1 . . . . . . Average Slot Usage (%) 95 | . 98 100 98 100 100 100 99 99 96 92 91 94 89 88 Core 6 | . 4 14 7 11 11 11 9 7 6 4 5 5 5 . Reactor 1 | . . . . . . . . . . . . . 3 7 Wheel 17 | . 28 28 22 22 22 22 17 22 17 14 5 5 8 12 Device 9 | . 8 14 8 11 11 11 11 6 8 10 9 5 9 12 Storage 7 | . 14 14 11 11 11 11 9 7 6 5 5 5 5 3 Processor 10 | . . . . . . . 13 20 13 11 11 11 10 10 Hackware 9 | . . . . . . . 2 7 13 17 17 17 15 13 Protection 6 | . 3 . 12 11 11 11 9 2 8 4 6 11 5 9 Energy Gun 5 | . 9 . . . . . 6 9 6 7 . . 1 3 Energy Cannon 1 | . 5 14 . . . . . 2 . 1 5 5 4 2 Ballistic Gun 1 | . 12 14 5 . . . . . . . . . . . Ballistic Cannon 4 | . . . 19 22 22 21 11 1 2 . . . . . Launcher 1 | . . . 5 6 . . 2 . 3 1 5 5 3 1 Slashing Weapon 3 | . . . . . . . 5 7 6 3 . . . . Piercing Weapon 1 | . . . . . . . . . . . 5 5 5 3 Peak Build Rating 119 | 6 10 10 18 20 17 25 34 43 62 83 87 86 100 119 Average Rating 53 | 5 8 10 16 17 17 17 26 40 54 73 83 85 95 107 On Entrance 38 | . 6 10 10 17 17 17 17 34 43 62 80 85 86 100 Avg Prop Armor Cover (%) 5 | . . . . . . . . . . 2 6 10 6 4 Naked Turns . | . . . . . . . . . . . . . . . Heaviest Build 112 | 14 30 30 48 42 40 44 47 74 112 75 72 72 100 111 Greatest Support 68 | 26 26 20 20 20 20 20 20 36 38 50 28 28 44 68 Greatest Overweight (x) 6 | . 1 1 2 2 1 2 2 3 2 1 2 2 3 6 Average Overweight (x) 1 | . . 1 1 1 1 1 1 1 1 1 2 2 2 1 Largest Inventory Capacity 25 | 8 15 15 15 15 15 15 15 20 25 20 20 20 20 20 Average Capacity 17 | 7 11 15 15 15 15 15 15 19 20 20 20 20 20 19 Most Carried 21 | 8 15 15 15 15 15 15 15 20 21 20 20 20 20 20 Average Carried 17 | 4 10 15 14 14 15 14 14 19 19 19 19 19 19 18 Final Capacity 20 | 8 15 15 15 15 15 15 15 20 20 20 20 20 20 5 Final Carried 20 | 7 15 15 15 15 15 15 15 20 20 20 19 20 20 4 Class Distribution -------------------- 30% | Hacker-Assassin 27% | Scavenger-Assassin 11% | Hacker-Mutant 7% | Scavenger-Skirmisher 6% | Scavenger-Mutant 5% | Tank 5% | Mutant Dominant Class ---------------- Mutant | -10/Materials Scavenger-Mutant | -10/Mines Tank | -9/Materials Tank | -9/Mines Scavenger-Tank | -9/Exiles Scavenger-Skirmisher | -8/Mines Scavenger-Skirmisher | -8/Materials Scavenger-Assassin | -7/Factory Scavenger-Assassin | -6/Factory Hacker-Assassin | -5/Factory Hacker-Mutant | -5/Upper Caves Hacker-Mutant | -5/Upper Caves Hacker-Assassin | -4/Factory Hacker-Mutant | -3/Research Resources | -11 -10 -10 -9 -9 -9 -8 -8 -7 -6 -5 -5 -5 -4 -3 ----------- Run | Yrd Mat Min Mat Min Exi Min Mat Fac Fac Fac Upp Upp Fac Res Matter Collected 3686 | 260 450 . 621 3 122 62 720 220 288 463 110 . 117 250 Remotely . | . . . . . . . . . . . . . . . Salvage Created 5687 | 150 550 . 477 7 . 54 557 435 377 1135 71 68 389 1417 Parts 313 | 12 37 . 27 2 . 4 41 26 8 53 12 1 15 75 Haulers Intercepted 5 | . . . 2 . . . 1 1 . 1 . . . . Recyclers Shooed 6 | . . . . . . . . . 1 1 . . 1 3 Parts Field Recycled . | . . . . . . . . . . . . . . . Retrieved Matter . | . . . . . . . . . . . . . . . Parts Self-Destructed 12 | . . . . . . . . . . . 12 . . . Prevented . | . . . . . . . . . . . . . . . Parts Restored . | . . . . . . . . . . . . . . . Kills | -11 -10 -10 -9 -9 -9 -8 -8 -7 -6 -5 -5 -5 -4 -3 ------- Run | Yrd Mat Min Mat Min Exi Min Mat Fac Fac Fac Upp Upp Fac Res Combat Hostiles Destroyed 84 | . 14 . 15 3 . 1 15 3 1 12 8 . 1 11 Melee 10 | . . . . . . . . 3 1 4 . . . 2 Guns 22 | . 12 . 6 . . . 1 . . 3 . . . . Cannons 27 | . 2 . 8 . . 1 8 . . . . . 1 7 AOE 21 | . . . 1 3 . . 5 . . 3 8 . . 1 Classes Destroyed 12 | 2 5 . 3 . . . 1 1 . . . . . . Worker 7 | . 1 . 1 . . 2 2 1 . . . . . . Builder 11 | . . . . . . . 1 1 . 2 . . 2 5 Tunneler 6 | 3 1 . . . . . . . . 2 . . . . Hauler 5 | . . . 2 . . . 1 1 . 1 . . . . Recycler 11 | 1 . . . . . . . 2 2 . . . 2 4 Operator 3 | . 1 . . . . . . 1 . 1 . . . . Watcher 16 | . 2 . 2 . . . 4 1 1 6 . . . . Swarmer 27 | . 6 . 4 3 . . 6 . . . 8 . . . Grunt 27 | . 8 . 9 . . 1 3 . . 5 . . . 1 Duelist 1 | . . . 1 . . . . . . . . . . . Sentry 9 | . . . 1 . . . 6 . . 1 . . . 1 Programmer 20 | . . . . . . . . 3 1 6 . . 1 9 Best Kill Streak 10 | 4 6 . 5 3 . 2 8 2 2 4 4 . 2 10 Combat Bots Only 7 | . 5 . 4 3 . 1 7 1 1 4 4 . 1 3 Max Kills in Single Turn 7 | 2 1 . 1 2 . 2 2 1 2 3 4 . 1 7 Gunslinging . | . . . . . . . . . . . . . . . Exploded 4 | . . . 1 2 . . 2 . . 3 4 . . 1 Melee 1 | . . . . . . . . 1 1 1 . . . 1 Uniques/NPCs Destroyed . | . . . . . . . . . . . . . . . Combat | -11 -10 -10 -9 -9 -9 -8 -8 -7 -6 -5 -5 -5 -4 -3 -------- Run | Yrd Mat Min Mat Min Exi Min Mat Fac Fac Fac Upp Upp Fac Res Hostile Shots Fired 769 | . 81 . 65 6 . 4 53 31 6 117 41 . 26 339 Missed 234 | . 19 . 19 2 . 2 17 6 4 30 15 . 6 114 Hits 535 | . 62 . 46 4 . 2 36 25 2 87 26 . 20 225 Projectile 535 | . 62 . 46 4 . 2 36 25 2 87 26 . 20 225 AOE 2 | . . . . . . . . . . 2 . . . . Critical Strikes 19 | . . . . . . . 2 1 . 5 . . 1 10 Part Disruptions 2 | . . . . . . . . . . 1 . . . 1 Damage Taken 9544 | . 697 . 525 67 . 35 532 417 20 1819 395 . 339 4698 Core 1980 | . 132 . 44 18 . . 57 74 . 330 . . 14 1311 Absorbed by Shields 54 | . . . . . . . . . . . . . . 54 Redirected to Shielding 207 | . . . . . . . . . . . . . . 207 Ignored by Resistances 632 | . . . . . . . . . 8 230 . . 105 289 Regen/Repaired (Parts) 242 | . . . . . . . 25 . . 217 . . . . Core Remaining (%) 84 | 100 . 47 . . . 84 89 89 100 . . 67 98 . Volleys Fired 347 | 13 75 . 56 3 . 6 55 10 2 46 6 . 32 43 Largest 3 | 2 2 . 3 1 . 2 3 2 1 2 2 . 2 2 Hottest 159 | 100 100 . 156 100 . 66 113 155 60 120 123 . 125 159 Shots Fired 556 | 26 132 . 112 3 . 10 84 20 2 75 7 . 34 51 Gun 282 | 26 116 . 26 . . . 22 18 2 62 . . 2 8 Cannon 243 | . 13 . 83 . . 8 52 2 . 11 4 . 32 38 Launcher 21 | . . . 2 2 . . 7 . . 2 3 . . 5 Special 10 | . 3 . 1 1 . 2 3 . . . . . . . Kinetic 257 | . 75 . 109 . . 8 52 . . 13 . . . . Thermal 178 | 26 57 . 1 1 . . 4 4 . 11 4 . 32 38 Explosive 14 | . . . 2 2 . . 7 . . . 3 . . . Electromagnetic 102 | . . . . . . . 18 16 2 51 . . 2 13 Robot Hit Streak 29 | 3 15 . 11 . . 4 8 10 1 12 1 . 8 29 Robot Miss Streak 5 | 3 5 . 5 . . 1 5 2 1 3 2 . 1 3 Penetration Max . | . . . . . . . . . . . . . . . Secondary Targets 1 | . . . . . . . . . . 1 . . . . Max Gunslinging Chain 1 | . . . . . . . . . . 1 . . . . Shots Hit Robots 402 | 11 79 . 63 . . 7 48 32 8 85 3 1 17 48 Core Hits 204 | 5 37 . 32 5 . 4 30 12 5 33 8 1 5 27 Critical Kills 3 | . . . . . . . . . . 2 . . . 1 Critical Parts Destroyed 3 | . . . . . . . . . . 3 . . . . Critical Strikes 21 | 2 5 . 1 . . . 1 . 2 8 . . . 2 Burn 7 | 2 5 . . . . . . . . . . . . . Meltdown 1 | . . . . . . . . . . . . . . 1 Destroy 3 | . . . . . . . . . . 3 . . . . Blast 2 | . . . 1 . . . 1 . . . . . . . Corrupt 1 | . . . . . . . . . . 1 . . . . Smash 2 | . . . . . . . . . . 2 . . . . Sever 4 | . . . . . . . . . 2 2 . . . . Impale 1 | . . . . . . . . . . . . . . 1 Melee Attacks 126 | . . . . . . . 8 29 12 45 1 1 18 12 Impact 4 | . . . . . . . . . . 4 . . . . Slashing 75 | . . . . . . . 8 29 12 26 . . . . Piercing 47 | . . . . . . . . . . 15 1 1 18 12 Sneak Attacks 25 | . . . . . . . . 7 3 10 . . 5 . Combat Hostiles . | . . . . . . . . . . . . . . . Follow-up Attacks . | . . . . . . . . . . . . . . . Damage Inflicted 13814 | 146 921 . 1466 195 . 126 1789 1283 555 3297 615 55 768 2598 Guns 3283 | 146 746 . 328 . . . 416 366 40 1108 . . 31 102 Cannons 3971 | . 175 . 972 . . 126 625 62 . 219 29 . 222 1541 Explosions 3021 | . . . 166 195 . . 748 . 176 528 549 . . 659 Melee 3528 | . . . . . . . . 855 339 1442 37 55 515 285 Ramming 11 | . . . . . . . . . . . . . . 11 Kinetic 2558 | . 401 . 1300 . . 126 625 . . 106 . . . . Thermal 3427 | 146 520 . . . . . 250 141 176 299 29 . 222 1644 Explosive 1773 | . . . 166 195 . . 598 . . 265 549 . . . Electromagnetic 2517 | . . . . . . . 316 287 40 1185 . . 31 658 Impact 98 | . . . . . . . . . . 98 . . . . Slashing 2095 | . . . . . . . . 855 339 901 . . . . Piercing 1335 | . . . . . . . . . . 443 37 55 515 285 Highest Corruption 21 | . . . . . . . . 6 2 7 7 . 4 21 Average Corruption 3 | . . . . . . . . 3 1 2 4 . 3 6 Corruption Purged 11 | . . . . . . . . . 2 2 7 . . . Corruption Blocked 5 | . . . . . . . . . . 5 . . . . Effects 78 | . . . . . . . . 16 6 22 5 . 5 24 Message Errors 19 | . . . . . . . . 5 2 5 . . 1 6 Matter Fused 18 | . . . . . . . . 3 1 6 3 . 1 4 Heat Flow Errors 10 | . . . . . . . . 1 3 2 . . 1 3 Energy Discharges 9 | . . . . . . . . 5 . 1 . . 1 2 Data Loss (minor) 11 | . . . . . . . . 2 . 5 2 . . 2 Data Loss (major) 3 | . . . . . . . . . . . . . . 3 Misfires 2 | . . . . . . . . . . . . . 1 1 Alerts 4 | . . . . . . . . . . 3 . . . 1 Misdirections 2 | . . . . . . . . . . . . . . 2 Overload Shots . | . . . . . . . . . . . . . . . Overflow Damage 960 | . . . 58 5 . . 16 129 56 295 89 . 166 146 Projectiles 103 | . . . 11 . . . . . . 20 . . . 72 Explosions 235 | . . . 47 5 . . 16 . 26 . 89 . . 52 Melee 622 | . . . . . . . . 129 30 275 . . 166 22 Knockbacks 15 | . . . 9 . . 2 4 . . . . . . . Impact . | . . . . . . . . . . . . . . . Kinetic 14 | . . . 9 . . 1 4 . . . . . . . Secondary 1 | . . . . . . 1 . . . . . . . . Self-Inflicted Damage 188 | . . . 28 8 . . 86 . . . . . . 66 Shots 9 | . . . 2 1 . . 3 . . . . . . 3 Rammed 3 | . . . . . . . . . . . . . . 3 Targets Rammed 3 | . . . . . . . . . . . . . . 3 Kicked . | . . . . . . . . . . . . . . . Crushed . | . . . . . . . . . . . . . . . Highest Temperature 355 | 156 355 . 281 36 . 63 201 150 220 168 57 . 241 280 Average Temperature 68 | 61 78 . 81 19 . 27 37 55 85 55 32 . 76 81 Received Heat Transfer 1299 | . 282 . 204 . . 18 126 27 . 99 . . . 543 Effects 3 | . 2 . . . . . . . . . . . 1 . Interference 3 | . 2 . . . . . . . . . . . 1 . Siege Activations . | . . . . . . . . . . . . . . . Martial Activations . | . . . . . . . . . . . . . . . Shielding Activations . | . . . . . . . . . . . . . . . Robots Disrupted 2 | . . . . . . . . 1 . . . . . 1 Combat Hostiles 1 | . . . . . . . . 1 . . . . . . Robots Corrupted 4 | . . . . . . . 1 . . 2 . . . 1 Combat Hostiles 4 | . . . . . . . 1 . . 2 . . . 1 Parts Fried 14 | . . . . . . . 2 . . 6 . . . 6 Impact Corruptions 2 | . . . . . . . . . . 2 . . . . Robots Melted 1 | . . . . . . . . . . . . . . 1 Combat Hostiles . | . . . . . . . . . . . . . . . Parts Melted 8 | . 5 . . . . . . 1 . . . . . 2 Heat Transferred 5338 | 592 1739 . . . . . 375 224 150 450 50 . 350 1408 Parts Sabotaged . | . . . . . . . . . . . . . . . Parts Stolen . | . . . . . . . . . . . . . . . Parts Stripped . | . . . . . . . . . . . . . . . Power Chain Reactions 5 | . . . . . . . 1 . 1 2 . . . 1 Alert | -11 -10 -10 -9 -9 -9 -8 -8 -7 -6 -5 -5 -5 -4 -3 ------- Run | Yrd Mat Min Mat Min Exi Min Mat Fac Fac Fac Upp Upp Fac Res Maximum Alert Level 1 | . 1 . 1 . . . 1 . 1 . . . . . Low Security (%) 95 | 100 93 100 92 100 . 100 81 100 88 100 . . 100 100 Level 1 4 | . 6 . 7 . . . 18 . 11 . . . . . Level 2 . | . . . . . . . . . . . . . . . Level 3 . | . . . . . . . . . . . . . . . Level 4 . | . . . . . . . . . . . . . . . Level 5 . | . . . . . . . . . . . . . . . High Security . | . . . . . . . . . . . . . . . Max Security . | . . . . . . . . . . . . . . . Peak Influence 262 | 10 215 63 240 120 . 42 258 47 262 159 . . 30 88 Initial 53 | . . 53 4 44 . . . 10 . 11 . . 9 . Average 51 | 1 100 44 99 63 . 4 100 6 75 62 . . 1 17 Influence Increases 3556 | 20 475 30 538 87 . 52 606 179 305 538 195 5 62 464 Destroy 0b10 Robot/C 1720 | . 280 . 300 60 . 40 320 60 20 240 160 . 20 220 Destroy 0b10 Robot/NC 300 | 20 25 . 25 . . 10 40 35 15 60 . 5 20 45 Destroy Leader 412 | . 74 . 68 10 . . 80 34 12 64 20 . 10 40 Allied During Kill 14 | . . . . . . 2 12 . . . . . . . Successful Hack 110 | . 16 . 17 . . . 13 10 10 32 . . . 12 Disable Machine 315 | . . . . . . . 45 . 210 60 . . . . Destroy Structure 250 | . 5 . 23 17 . . 81 10 38 52 . . 12 12 Partial Spotted 45 | . 30 . . . . . . 15 . . . . . . Lose Combat Pursuer 390 | . 45 30 105 . . . 15 15 . 30 15 . . 135 Influence Decreases 3542 | 20 338 154 437 190 11 52 582 203 280 489 169 89 78 450 Entered New Map 257 | . . 84 9 70 11 . . 14 . 14 29 19 7 . Time Decay 2639 | 20 288 70 258 120 . 52 441 189 280 415 120 70 61 255 Lost Part 355 | . 50 . 20 . . . 10 . . 50 20 . 10 195 Lost Ally 90 | . . . . . . . 80 . . 10 . . . . Purge Threat 201 | . . . 150 . . . 51 . . . . . . . Squads Dispatched 34 | . 5 . 2 . . . 4 6 2 5 . . 2 8 Investigation 8 | . 3 . 2 . . . 1 2 . . . . . . Extermination 13 | . . . . . . . . 2 2 4 . . 1 4 Reinforcement 9 | . 2 . . . . . . 2 . 1 . . 1 3 Assault . | . . . . . . . . . . . . . . . Garrison 4 | . . . . . . . 3 . . . . . . 1 Intercept . | . . . . . . . . . . . . . . . Searches Triggered . | . . . . . . . . . . . . . . . Construction Impeded 1 | . . . . . . . . . . . . . . 1 Haulers Reinforced 3 | . . . . . . . . 1 . 1 . . . 1 Active Scanning Responses . | . . . . . . . . . . . . . . . Cargo Convoy Interrupts 1 | . . . . . . . . 1 . . . . . . Stealth | -11 -10 -10 -9 -9 -9 -8 -8 -7 -6 -5 -5 -5 -4 -3 --------- Run | Yrd Mat Min Mat Min Exi Min Mat Fac Fac Fac Upp Upp Fac Res Distress Signals 8 | . 1 . 3 . . . 1 . . 1 . . . 2 Communications Jammed . | . . . . . . . . . . . . . . . Distress Signals . | . . . . . . . . . . . . . . . Times Spotted 158 | . 25 2 22 3 . 3 29 7 2 21 8 . 3 33 Peak Tracking Total 15 | . 4 2 6 3 . 3 7 2 1 4 4 . 2 15 Tactical Retreats 16 | . 2 1 4 . . . 1 1 . 2 1 . . 4 Traps | -11 -10 -10 -9 -9 -9 -8 -8 -7 -6 -5 -5 -5 -4 -3 ------- Run | Yrd Mat Min Mat Min Exi Min Mat Fac Fac Fac Upp Upp Fac Res Traps Triggered 10 | . 1 . 1 1 . . . 1 1 3 . . 1 1 Indirectly . | . . . . . . . . . . . . . . . Trap Hack Attempts . | . . . . . . . . . . . . . . . Triggered . | . . . . . . . . . . . . . . . Disarmed . | . . . . . . . . . . . . . . . Reprogrammed . | . . . . . . . . . . . . . . . Reused . | . . . . . . . . . . . . . . . Traps Extracted . | . . . . . . . . . . . . . . . Installed . | . . . . . . . . . . . . . . . Triggered . | . . . . . . . . . . . . . . . Machines | -11 -10 -10 -9 -9 -9 -8 -8 -7 -6 -5 -5 -5 -4 -3 ---------- Run | Yrd Mat Min Mat Min Exi Min Mat Fac Fac Fac Upp Upp Fac Res Machines Disabled 22 | . 1 . . . . . 3 . 14 4 . . . . Max in Single Turn 14 | . 1 . . . . . 1 . 14 3 . . . . Garrison Access 2 | . . . . . . . . 1 . 1 . . . . Machines Repaired . | . . . . . . . . . . . . . . . Machines Dismantled . | . . . . . . . . . . . . . . . Machines Sabotaged . | . . . . . . . . . . . . . . . Overloaded Fab Kills . | . . . . . . . . . . . . . . . Hacking | -11 -10 -10 -9 -9 -9 -8 -8 -7 -6 -5 -5 -5 -4 -3 --------- Run | Yrd Mat Min Mat Min Exi Min Mat Fac Fac Fac Upp Upp Fac Res Machines Accessed 45 | . 4 . 5 1 2 . 6 6 9 9 . . . 3 Terminals 26 | . 4 . 4 . . . 4 3 7 2 . . . 2 Fabricators 3 | . . . . . . . . . . 3 . . . . Repair Stations 4 | . . . . . . . 1 1 . 2 . . . . Recycling Units 1 | . . . 1 . . . . . . . . . . . Scanalyzers 5 | . . . . . . . . 1 2 1 . . . 1 Garrison Access 3 | . . . . . . . 1 1 . 1 . . . . Total Hacks 154 | . 10 . 16 1 24 . 19 22 27 23 . . . 12 Successful 98 | . 4 . 10 1 24 . 9 13 17 12 . . . 8 Failed 51 | . 5 . 6 . . . 10 8 9 10 . . . 3 Catastrophic 2 | . 1 . . . . . . . . . . . . 1 Database Lockouts 5 | . 1 . . . . . . 1 1 1 . . . 1 Manual 59 | . 7 . 9 . 1 . 11 5 14 10 . . . 2 Terminals 82 | . 10 . 15 . . . 15 7 20 11 . . . 4 Fabricators 4 | . . . . . . . . . . 4 . . . . Repair Stations 9 | . . . . . . . 2 3 . 4 . . . . Recycling Units 1 | . . . 1 . . . . . . . . . . . Scanalyzers 27 | . . . . . . . . 11 7 1 . . . 8 Garrison Access 6 | . . . . . . . 2 1 . 3 . . . . Terminal Hacks 54 | . 4 . 7 1 24 . 4 1 6 6 . . . 1 Record 23 | . . . . . 23 . . . . . . . . . Part Schematic 1 | . . . . . . . . . . 1 . . . . Robot Analysis 8 | . 1 . 3 . . . 1 . . 3 . . . . Prototype ID Bank 4 | . 2 . 1 . . . 1 . . . . . . . Open Door 1 | . . . . 1 . . . . . . . . . . Level Access Points 1 | . . . . . . . . . 1 . . . . . Branch Access Points 1 | . . . . . . . . . . . . . . 1 Terminal Index 6 | . 1 . 1 . . . 1 1 1 1 . . . . Alert Level 2 | . . . 1 . . . . . 1 . . . . . Unreport Threat 2 | . . . 1 . . . 1 . . . . . . . Dispatch Records 1 | . . . . . . . . . 1 . . . . . Recall Assault 1 | . . . . . . . . . 1 . . . . . Registered Prototypes 1 | . . . . . . . . . 1 . . . . . Zone Layout 1 | . . . . . . . . . . 1 . . . . Proto ID Catalog 1 | . . . . . 1 . . . . . . . . . Fabricator Hacks 2 | . . . . . . . . . . 2 . . . . Network Status 1 | . . . . . . . . . . 1 . . . . Build 1 | . . . . . . . . . . 1 . . . . Repair Station Hacks 5 | . . . . . . . 2 1 . 2 . . . . Scan Component 3 | . . . . . . . 1 1 . 1 . . . . Repair 2 | . . . . . . . 1 . . 1 . . . . Recycling Unit Hacks 1 | . . . 1 . . . . . . . . . . . Report Inventory 1 | . . . 1 . . . . . . . . . . . Scanalyzer 23 | . . . . . . . . 9 7 . . . . 7 Insert Component 5 | . . . . . . . . 3 2 . . . . . Analyze 6 | . . . . . . . . 3 3 . . . . . Retrieve Study 12 | . . . . . . . . 3 2 . . . . 7 Garrison Access Hacks 2 | . . . . . . . . 1 . 1 . . . . Seal Access 2 | . . . . . . . . 1 . 1 . . . . Unauthorized Hacks 11 | . . . 2 . . . 3 1 4 1 . . . . Terminals 11 | . . . 2 . . . 3 1 4 1 . . . . Botnet 11 | . . . 2 . . . 3 1 4 1 . . . . Fabricators . | . . . . . . . . . . . . . . . Repair Stations . | . . . . . . . . . . . . . . . Recycling Units . | . . . . . . . . . . . . . . . Scanalyzers . | . . . . . . . . . . . . . . . Garrison Access . | . . . . . . . . . . . . . . . Data Cores Recovered 1 | . . . . . . . . . . 1 . . . . Used 1 | . . . . . . . . . . 1 . . . . Hacking Detections 32 | . 4 . 5 . . . 6 3 5 7 . . . 2 Full Trace Events 7 | . 2 . 1 . . . 2 2 . . . . . . Feedback Events . | . . . . . . . . . . . . . . . Feedback Blocked . | . . . . . . . . . . . . . . . Robot Schematics Acquired . | . . . . . . . . . . . . . . . Robots Built 2 | . . . . . . . . . . 2 . . . . Authchips . | . . . . . . . . . . . . . . . Time 40 | . . . . . . . . . . 40 . . . . Total Robot Build Rating 2 | . . . . . . . . . . 2 . . . . Part Schematics Acquired 5 | . . . . . . . . 2 2 1 . . . . Parts Built . | . . . . . . . . . . . . . . . Authchips . | . . . . . . . . . . . . . . . Time . | . . . . . . . . . . . . . . . Total Part Build Rating . | . . . . . . . . . . . . . . . Part Studies Acquired 12 | . . . . . . . . 3 2 . . . . 7 Parts Repaired 2 | . . . . . . . 1 . . 1 . . . . Time 40 | . . . . . . . 26 . . 14 . . . . Parts Recycled . | . . . . . . . . . . . . . . . Recycled Matter . | . . . . . . . . . . . . . . . Retrieved Matter . | . . . . . . . . . . . . . . . Retrieved Components . | . . . . . . . . . . . . . . . Parts Scanalyzed 4 | . . . . . . . . 2 2 . . . . . Part Schematics Acquired 4 | . . . . . . . . 2 2 . . . . . Parts Damaged . | . . . . . . . . . . . . . . . Bothacking | -11 -10 -10 -9 -9 -9 -8 -8 -7 -6 -5 -5 -5 -4 -3 ------------ Run | Yrd Mat Min Mat Min Exi Min Mat Fac Fac Fac Upp Upp Fac Res Used RIF Installer . | . . . . . . . . . . . . . . . Robots Hacked . | . . . . . . . . . . . . . . . Non-combat . | . . . . . . . . . . . . . . . Combat . | . . . . . . . . . . . . . . . Robot Hacks Applied . | . . . . . . . . . . . . . . . Relay Couplers Released 3 | . . . . . . . . 3 . . . . . . Programmers 3 | . . . . . . . . 3 . . . . . . Fabnet Peak Effective % . | . . . . . . . . . . . . . . . Robots Rewired . | . . . . . . . . . . . . . . . Allies Hacked 1 | . . . . . . . . . . 1 . . . . Hacks Repelled . | . . . . . . . . . . . . . . . Allies | -11 -10 -10 -9 -9 -9 -8 -8 -7 -6 -5 -5 -5 -4 -3 -------- Run | Yrd Mat Min Mat Min Exi Min Mat Fac Fac Fac Upp Upp Fac Res Total Allies 6 | . . . . . . 1 3 . . 2 . . . . Largest Group 2 | . . . . . . 1 2 . . 2 . . . . Highest-Rated Group 34 | . . . . . . 29 34 . . 20 . . . . Highest-Rated Ally 29 | . . . . . . 29 29 . . 10 . . . . Total Orders 15 | . . . . . . . 1 . 2 3 . . 2 7 STAY 3 | . . . . . . . 1 . . 1 . . . 1 ROAM 2 | . . . . . . . . . . 2 . . . . EXPLORE 7 | . . . . . . . . . 2 . . . 1 4 RETURN 3 | . . . . . . . . . . . . . 1 2 Ally Attacks 33 | . . . . . . 6 27 . . . . . . . Total Damage 448 | . . . . . . 76 372 . . . . . . . Kills 2 | . . . . . . 1 1 . . . . . . . Allies Corrupted 1 | . . . . . . . . . 1 . . . . . Allies Melted . | . . . . . . . . . . . . . . . Field Lobotomies 4 | . . . . . . 1 3 . . . . . . . Intel | -11 -10 -10 -9 -9 -9 -8 -8 -7 -6 -5 -5 -5 -4 -3 ------- Run | Yrd Mat Min Mat Min Exi Min Mat Fac Fac Fac Upp Upp Fac Res Active Infowar (turns) 11404 | . 243 . 483 230 218 394 1425 2007 1562 2163 248 151 938 1342 Optics 9809 | . . . . . . . 1425 2007 1562 2163 248 151 926 1327 Terrain 1774 | . . . . . . . . . . 908 152 151 312 251 Structural 243 | . 243 . . . . . . . . . . . . . Traps 7663 | . . . . . . . 1078 2006 1562 1893 . . 528 596 Seismic 1446 | . . . 483 230 218 394 121 . . . . . . . Jamming 1672 | . . . . . . . . . . 601 . . 148 923 Robot Analysis Total 8 | . 1 . 3 . . . 1 . . 3 . . . . Derelict Logs Recovered 1 | . . . . . . . . . . . . 1 . . Drone Launches 5 | . . . . . . . . . 2 . . . 1 2 Drone Recoveries 2 | . . . . . . . . . . . . . 1 1 Exploration | -11 -10 -10 -9 -9 -9 -8 -8 -7 -6 -5 -5 -5 -4 -3 ------------- Run | Yrd Mat Min Mat Min Exi Min Mat Fac Fac Fac Upp Upp Fac Res Turns Passed 12479 | 134 853 141 659 244 218 394 1425 2007 1562 2163 248 151 938 1342 Spaces Moved 8070 | 85 629 119 408 211 228 335 887 1159 1160 1362 152 114 479 742 Core 19 | 2 . . . . . . . . . . . . . 17 Treads . | . . . . . . . . . . . . . . . Legs . | . . . . . . . . . . . . . . . Wheels 8050 | 83 629 119 408 211 228 335 887 1159 1160 1362 152 114 479 724 Hover 1 | . . . . . . . . . . . . . . 1 Flight . | . . . . . . . . . . . . . . . Fastest Speed 50 | 50 80 95 95 95 95 95 95 95 95 95 130 130 115 50 Average Speed 103 | 88 90 95 98 95 95 95 109 103 104 97 130 130 126 106 Slowest Speed 355 | 90 95 95 110 110 95 110 110 115 115 101 130 130 145 355 Overloaded Moves . | . . . . . . . . . . . . . . . Propulsion Burnouts . | . . . . . . . . . . . . . . . Robots Hopped . | . . . . . . . . . . . . . . . Potential Cave-ins 7 | . . . . . . . . . . . . . 7 . Cave-ins Triggered . | . . . . . . . . . . . . . . . Exploration Rate (%) 34 | 5 81 35 27 42 59 61 56 17 32 41 33 14 6 15 Regions Visited 14 Branch Regions 6 Pre-discovered Areas 2 | . . . . 1 1 . . . . . . . . . Known Exits Taken 3 | . . . . . . . 1 1 1 . . . . . Unknown Exits Taken 11 | 1 1 1 1 1 1 1 . . . 1 1 1 1 . Scrap Searched 2 | . . . . . . 1 . . . . 1 . . . Spaces Dug 106 | . 3 . 5 20 . . 11 10 5 5 19 . 25 3 Terrain Destroyed 285 | . 3 . 19 20 . . 80 10 37 26 57 . 27 6 Melee 35 | . . . . . . . 7 10 5 5 . . 6 2 Projectile 36 | . 3 . 4 1 . . 3 . . . . . 21 4 AOE 214 | . . . 15 19 . . 70 . 32 21 57 . . . Terrain Rammed . | . . . . . . . . . . . . . . . Walls Destroyed . | . . . . . . . . . . . . . . . Machines Disabled . | . . . . . . . . . . . . . . . Actions | -11 -10 -10 -9 -9 -9 -8 -8 -7 -6 -5 -5 -5 -4 -3 --------- Run | Yrd Mat Min Mat Min Exi Min Mat Fac Fac Fac Upp Upp Fac Res Total 11488 | 117 791 146 563 247 229 398 1250 1912 1500 2050 192 115 753 1225 Wait 2444 | 1 48 28 41 25 . 48 225 661 261 528 27 . 190 361 Move 8056 | 84 628 118 407 210 227 334 886 1158 1159 1361 151 113 478 742 Hop . | . . . . . . . . . . . . . . . Pick Up 147 | 10 16 . 16 2 1 3 19 19 23 19 1 1 4 13 Fast Attach 46 | 6 5 . 2 . . . 8 4 1 6 1 . 4 9 Attach 39 | . 3 . 3 . . . 3 2 5 9 1 . 3 10 Detach 6 | . . . . . . . 1 . . 1 . . 3 1 Swap 108 | . 7 . 18 5 . 3 19 10 12 16 3 . 7 8 Drop 150 | 3 9 . 20 2 1 4 26 19 25 19 1 . 6 15 Fire 347 | 13 75 . 56 3 . 6 55 10 2 46 6 . 32 43 Melee 126 | . . . . . . . 8 29 12 45 1 1 18 12 Ram 3 | . . . . . . . . . . . . . . 3 Kick . | . . . . . . . . . . . . . . . Crush . | . . . . . . . . . . . . . . . Escape Stasis 16 | . . . . . . . . . . . . . 8 8 Rewire . | . . . . . . . . . . . . . . . Trap . | . . . . . . . . . . . . . . . Miscellaneous . | . . . . . . . . . . . . . . . Route ------- -11/Scrapyard -10/Materials (discovered 4 exits: *Mat / [*Min x2] / [*Sub]) -10/Mines -9/Materials -9/Mines (discovered 2 exits: *Mat / *Exi) -9/Exiles -8/Mines -8/Materials -7/Factory -6/Factory (discovered 4 exits: *Fac x4) -5/Factory -5/Upper Caves -5/Upper Caves -4/Factory (discovered 2 exits: *Res / [*Upp]) -3/Research (discovered 3 exits: Arm / *Tes x2) History --------- Turn | Location | Event 16 | -11/Scrapyard | Discovered new exit (range 15) 135 | -11/Scrapyard | Entered Materials 310 | -10/Materials | Build established: Mutant 584 | -10/Materials | Discovered new exit (range 7) 599 | -10/Materials | Central database locked down 686 | -10/Materials | Core integrity fell below 50% 717 | -10/Materials | Lost 5 parts (2p1n1u1w) 739 | -10/Materials | Discovered new exit (range 6) 786 | -10/Materials | Discovered new exit (range 7) 983 | -10/Materials | Discovered new exit (range 9) 988 | -10/Materials | Entered Mines 1008 | -10/Mines | Build established: Scavenger-Mutant 1123 | -10/Mines | Discovered new exit (range 6) 1129 | -10/Mines | Entered Materials 1129 | -9/Materials | Evolved 2 slots: Utility x1, Weapon x1 1487 | -9/Materials | Build established: Tank 1603 | -9/Materials | Discovered new exit (range 7) 1788 | -9/Materials | Entered Mines 1877 | -9/Mines | Met a Derelict who couldn't figure out how to use a Trap Extractor 1976 | -9/Mines | Discovered new exit (range 10) 1994 | -9/Mines | Learned location of Storage (-8) 2028 | -9/Mines | Deemed a non-threat by the Exiles lab entrance 2028 | -9/Mines | Discovered new exit (range 5) 2032 | -9/Mines | Entered Exiles 2054 | -9/Exiles | Met 8R-AWN 2071 | -9/Exiles | Met EX-HEX 2098 | -9/Exiles | Met EX-BIN 2111 | -9/Exiles | Aligned with FarCom system 2112 | -9/Exiles | Given EX-Vault access code 2137 | -9/Exiles | Opened EX-Vault 2143 | -9/Exiles | Found Field Lobotomy Kit 2164 | -9/Exiles | Warned to stay clear of 0b10 Research branches 2196 | -9/Exiles | Learned location of Zion (-7) 2238 | -9/Exiles | Discovered new exit (range 14) 2240 | -9/Exiles | Build established: Scavenger-Tank 2250 | -9/Exiles | Left Exiles lab with Field Lobotomy Kit 2250 | -9/Exiles | Entered Mines 2267 | -8/Mines | Assimilated G-50 Soldier with FLK Orb 2553 | -8/Mines | Build established: Scavenger-Skirmisher 2626 | -8/Mines | Discovered new exit (range 9) 2644 | -8/Mines | Entered Materials 2644 | -8/Materials | Accompanied by 1 ally 2644 | -8/Materials | Evolved 2 slots: Utility x2 2823 | -8/Materials | Garrison activated, responded to threat 2865 | -8/Materials | Destroyed 7 combat bots 3099 | -8/Materials | Discovered new exit (range 11) 3157 | -8/Materials | Assimilated G-47 Trooper with FLK Orb 3198 | -8/Materials | Assimilated G-47 Trooper with FLK Orb 3201 | -8/Materials | Assimilated L-31 Rogue with FLK Orb 3254 | -8/Materials | Lost 3 allies 3463 | -8/Materials | Build established: Scavenger-Assassin 3572 | -8/Materials | Repaired Wheel 4041 | -8/Materials | Build established: Scavenger-Mutant 4068 | -8/Materials | Identified exit to Factory 4069 | -8/Materials | Entered Factory 4069 | -7/Factory | Evolved 2 slots: Propulsion x1, Utility x1 4376 | -7/Factory | Build established: Scavenger-Assassin 4561 | -7/Factory | Central database locked down 4664 | -7/Factory | Discovered new exit (range 17) 4688 | -7/Factory | Identified exit to Factory 6023 | -7/Factory | Cargo convoy interrupted 6076 | -7/Factory | Entered another Factory area 6076 | -6/Factory | Evolved 2 slots: Utility x2 6620 | -6/Factory | Found Prototype Launcher 6621 | -6/Factory | Identified Rocket Array 6759 | -6/Factory | Central database locked down 7015 | -6/Factory | Discovered new exit (range 6) 7282 | -6/Factory | Build established: Hacker-Assassin 7625 | -6/Factory | Identified exit to Factory 7638 | -6/Factory | Entered another Factory area 7638 | -5/Factory | Evolved 2 slots: Propulsion x1, Utility x1 9224 | -5/Factory | Fabricated T-07 Excavator (x2) 9297 | -5/Factory | P-70 Sage assimilated allied Excavator 6a 9327 | -5/Factory | Lost 4 parts (1n3w) 9390 | -5/Factory | Discovered new exit (range 8) 9546 | -5/Factory | Repaired Arm. Huge Wheel 9710 | -5/Factory | Central database locked down 9801 | -5/Factory | Entered Upper Caves 9822 | -5/Upper Caves | Build established: Hacker-Mutant 10029 | -5/Upper Caves | Discovered new exit (range 17) 10049 | -5/Upper Caves | Entered another Upper Caves area 10056 | -5/Upper Caves | Learned 4 Factory zone layouts 10189 | -5/Upper Caves | Discovered new exit (range 8) 10200 | -5/Upper Caves | Entered Factory 10200 | -4/Factory | Evolved 2 slots: Power x1, Utility x1 10336 | -4/Factory | Found Imp. Powered Armor 10533 | -4/Factory | Build established: Hacker-Assassin 11126 | -4/Factory | Discovered new exit (range 8) 11126 | -4/Factory | Discovered new exit (range 15) 11138 | -4/Factory | Entered Research 11138 | -3/Research | Evolved 2 slots: Utility x2 11207 | -3/Research | Discovered new exit (range 47) 11350 | -3/Research | Identified exit to Armory 11350 | -3/Research | Identified exit to Testing 11733 | -3/Research | Central database locked down 11874 | -3/Research | Build established: Hacker-Mutant 12139 | -3/Research | Spotted B-86 Titan 12338 | -3/Research | System corruption reached 10% 12350 | -3/Research | Garrison activated, responded to threat 12440 | -3/Research | Lost 16 parts (1p5n7u3w) 12449 | -3/Research | Core integrity fell below 50% 12477 | -3/Research | Core integrity fell below 20% 12480 | -3/Research | Destroyed by X-77 Beamer with Gatling Laser Last Messages --------------- 12451_ Imp. Core Shielding destroyed. 12457_ ALERT: Potential suspicious activity detected, Programmers report to Research Zone 8S. 12457_ Penetrated by Slug. 12463_ Hds. Centrium Wheel destroyed. 12463_ Adv. Targeting Computer destroyed. 12463_ EM Shield destroyed. 12465_ Cld. Gravmag System destroyed. 12465_ Enh. Optical Array destroyed. 12468_ Acquired Imp. Focal Shield. 12469_ Discarded Adv. Target Analyzer. 12475_ System corrupted: Matter fused (-9). 12475_ Slammed into P-80 Master. 12476_ Adv. Hacking Suite destroyed. 12477_ Slammed into P-80 Master. 12478_ Imp. Focal Shield destroyed. 12478_ Penetrated by Slug. 12478_ Slug penetrates Wall. 12479_ Penetrated by Slug. 12479_ Slug penetrates Wall. Map ----- +----------------------------------------------------+ | ???????????????????????????????????????? | | ???????????????????????????????????????? | | ???????????????????????????????????????? | | ???????????????????????????????????????? | | ???????????????????????????????????????? | | ???????????????????????????????????????? | | ???????????????????????????????????????? | | ???????????????????????????????????????? | | ???????????????????????????????????????? | | ???????????????????????????????????????? | | ???????????????????????????????????????? | | ???????????????????????????????????????? | | ???????????????????????????????????????? | | ??????????#########????????????????????? | | ??????????# #????????????????????? | | ??????????# #????????????????????? | | ??????????# #????????????????????? | | ??????????# #????????????????????? | | ??????????####;####????????????????????? | | ?????????????# #???????????????????????? | | ?????????????#p#???????????????????????? | | ????????????## ##??????????????????????? | | ????????????# Y #??????????????????????? | | ????????????# #??????????????????????? | | ????????????# u #??????????????????????? | | ????????????# x@#??######??????????????? | | ???????????##xh ##? #??????????????? | | ???????????# # #??????????????? | | ???????????# # #??????????????? | | ???????????# + #?????g????????? | | ???????????# # #??????????????? | | ???????????# # #?????g????????? | | ???????????###h##########??????????????? | | ?????????????# #??# #####????????????? | | ?????????????#h#### " ?????????????? | | ?????????????# # #????????????????? | | ?????????######## #?????????????????? | | ?????????# # #?????????????????? | | ?????????# [ + #?????????????????? | | ?????????# # #?????????????????? | | ?????????# # #?????????????????? | | ?????????# ?# #?????????????????? | | ?????????# ?# #?????????????????? | | ?????????#####??# #############?????? | | ????????????????# + #?????? | | ????????????????# ###### #?????? | | ????????????????# #????# [[[ #?????? | | ????????????????# #????# [[[ #?????? | | ????????????????# #????# [[ #?????? | | ????????????????#+#????# #?????? | +----------------------------------------------------+ Best States ------------- Heat Dissipation 65 Energy Generation 35 Energy Capacity 385 Matter Stores 300 Matter Capacity 300 Sight Range 22 Terrain Scan Range 20 Terrain Scan Density 10 Jamming Range 16 Corruption Block 15 Armor Coverage 550 Resistance: KI 25 Resistance: EM 25 Core Shielding 30 Weapon Shielding 66 Evasion (%) 50 Targeting Accuracy 8 Target Analysis 8 Recoil Reduction 4 Offensive Hacking 36 Defensive Hacking 12 Trap Extractor Capacity 6 Item Schematics ----------------- Lyr. Light Armor Plating | -7/Factory | Scanalyzed Plasma Cutter | -7/Factory | Scanalyzed Hacking Suite | -6/Factory | Scanalyzed Wheel | -6/Factory | Scanalyzed Arm. Huge Wheel | -5/Factory | Hacked Robot Schematics ------------------ None Fabricated ------------ T-07 Excavator | x2 | -5/Factory | Preloaded Repaired ---------- Wheel | 37% | -8/Materials Arm. Huge Wheel | 13% | -5/Factory Studied --------- Wheel | -7/Factory | Hacked Lightning Gun | -7/Factory | Hacked Axe | -7/Factory | Hacked Chainsword | -6/Factory | Hacked Gauss Cannon | -6/Factory | Hacked Arm. Huge Wheel | -3/Research | Hacked Lance | -3/Research | Hacked Nova Cannon | -3/Research | Hacked Com. Wheel | -3/Research | Hacked Gamma Rifle | -3/Research | Hacked Hyp. Gauss Rifle | -3/Research | Hacked Power Maul | -3/Research | Hacked Alien Tech Used ----------------- None Achievements -------------- All Kinds Of Bad News Botjacking Deductive Reasoning Resistances Are Futile Challenges ------------ None Game ------ Seed InterceptSupersonicCycler Manual? 0 Play Time 03:41:56 Cumulative 109.9 hours Start 2025.11.01 @ 06:03:40 End 2025.11.03 @ 05:03:13 Sessions 5 Manual Loads 0 Difficulty Rogue Special Mode None Game No. 100 Rogue 100 Adventurer 0 Explorer 0 Win Type - Total 0 Types 0/0/0/0/0/0/0/0/0/0 Lore% 21 Gallery% 44 Achievement% 24 Wizard Run 0 Options --------- Layout 1 ASCII 0 Keyboard 1 Movement Numpad Keybinds 0 Fullscreen 1 Font 32/SmallcapsGlow Map View 77x35 Zoom Use 0% Tactical HUD 1 Map Filters NONE Filters NONE Steam 1 RUN: d00cc84f-2a4c-4e72-b9c6-6f7b3cb3d44a